 Dungeon Crawl Stone Soup version 0.19.1-1-g22dce08 (webtiles) character file.

145 Lennu the Shield-Bearer (level 5, 0/46 HPs)
             Began as a Draconian Fighter on Jan 4, 2017.
             Succumbed to a kobold's poison
             ... on level 3 of the Dungeon.
             The game lasted 00:06:24 (1884 turns).

Lennu the Shield-Bearer (Draconian Fighter)         Turns: 1884, Time: 00:06:24

Health: 0/46       AC:  5    Str: 18    XL:     5   Next: 6%
Magic:  5/5        EV: 16    Int:  9    God:
Gold:   197        SH:  9    Dex: 16    Spells: 0 memorised, 4 levels left

rFire  . . .     SeeInvis .     a - +0 long sword
rCold  . . .     Gourm    .     (armour unavailable)
rNeg   . . .     Faith    .     b - +0 shield
rPois  .         Spirit   .     (helmet restricted)
rElec  .         Reflect  .     (no cloak)
rCorr  .         Harm     .     (no gloves)
MR     .....                    (no boots)
Stlth  +++.......               (no amulet)
                                (no ring)
                                (no ring)

@: agile, lethally poisoned (0 -> -2), flying
A: unfitting armour, cold-blooded, AC +5
a: no special abilities


You were on level 3 of the Dungeon.
You were not hungry.

You visited 1 branch of the dungeon, and saw 3 of its levels.

You collected 197 gold pieces.

Inventory:

Hand Weapons
 a - a +0 long sword (weapon)
Armour
 b - a +0 shield (worn)
Scrolls
 e - a scroll of magic mapping {unknown}
 h - a scroll of recharging {unknown}
 k - a scroll of identify {unknown}
 n - a scroll of remove curse {unknown}
 p - a scroll of random uselessness {unknown}
 q - a scroll of teleportation {unknown}
Potions
 c - a potion of might
 f - a potion of flight
Books
 l - a book of Minor Magic

   Spells                             Type                      Level
   a - Magic Dart                     Conjuration                  1
   b - Blink                          Translocation                2
   c - Call Imp                       Summoning                    2
   d - Repel Missiles                 Charms/Air                   2
   e - Slow                           Hexes                        2
   f - Conjure Flame                  Conjuration/Fire             3
   g - Mephitic Cloud                 Conjuration/Poison/Air       3
Comestibles
 d - a bread ration
 g - 7 chunks of flesh
 i - a beef jerky
 j - 9 fruits
 m - a meat ration


   Skills:
 + Level 3.7 Fighting
 + Level 3.7 Long Blades
 + Level 3.2 Dodging
 + Level 0.6 Stealth
 + Level 4.0 Shields


You had 4 spell levels left.
You didn't know any spells.

Dungeon Overview and Level Annotations

Branches:
Dungeon (3/15)

Altars:
Ru
Trog
Yredelemnul


Innate Abilities, Weirdness & Mutations

Your plain brown scales are hard. (AC +5)
You cannot fit into any form of body armour.
You are cold-blooded and may be slowed by cold attacks.


Message History

You finish eating.
That royal jelly was delicious!
There is a lethal amount of poison in your body!
* * * LOW HITPOINT WARNING * * *
You feel sick.
* * * LOW HITPOINT WARNING * * *
You feel sick.
* * * LOW HITPOINT WARNING * * *
You feel sick.
There is a lethal amount of poison in your body!
There is a lethal amount of poison in your body!
g - 7 chunks of flesh (gained 1)
* * * LOW HITPOINT WARNING * * *
You feel sick.
* * * LOW HITPOINT WARNING * * *
You feel sick.
* * * LOW HITPOINT WARNING * * *
You feel sick.
* * * LOW HITPOINT WARNING * * *
You feel sick.
You die...

..........#
#.....##.#...###.#
..........#
#......#.#.......#
###########
###.##.#.#..######
#.##.#.#......#
#.##.#.#...##.#
#.##.#.#....#.#
#########.#.........#.#
#......(..####.#....#.#
#.....)@..# #.#....#.#
# ##....(...#
#.#....#.# #....(...#
#.#....#.# ###...(...#
#.#..###.# #.........#
#.#[.# +....)....#
#.#..# #.........#
###.......# #........#


There were no monsters in sight!

Vanquished Creatures
  An orc wizard (D:2)
  5 adders
  An ooze (D:2)
  4 dart slugs (D:1)
  3 giant cockroaches
  2 gnoll zombies (D:2)
  4 goblins
  6 hobgoblins
  5 jackals
  A quokka (D:2)
  11 bats
  4 frilled lizards
  8 kobolds
  6 rats
61 creatures vanquished.

Notes
Turn   | Place    | Note
-------+----------+-------------------------------------------
     0 | D:1      | Lennu the Draconian Fighter began the quest for the Orb.
     0 | D:1      | Reached XP level 1. HP: 19/19 MP: 1/1
    62 | D:1      | Reached XP level 2. HP: 6/26 MP: 2/2
   678 | D:1      | Reached XP level 3. HP: 31/31 MP: 3/3
   747 | D:2      | Found a bloodstained altar of Trog.
   997 | D:2      | Found a basalt altar of Yredelemnul.
  1036 | D:2      | Reached XP level 4. HP: 37/39 MP: 4/4
  1142 | D:2      | Found a sacrificial altar of Ru.
  1658 | D:3      | Reached XP level 5. HP: 42/45 MP: 5/5
  1851 | D:3      | Reached skill level 4 in Shields
  1876 | D:3      | HP: 2/46 [poisoned by a kobold]
  1881 | D:3      | HP: 1/46 [poisoned by a kobold]
  1884 | D:3      | Succumbed to a kobold's poison

Skill      XL: |  1  2  3  4  5 |
---------------+----------------+-----
Dodging        | 3 |  3.2
Long Blades    | 3 |  3.7
Shields        | 4 |  4.0
Fighting       | |  3.7
Stealth        | |  0.6

Action                   |  1- 3 |  4- 6 || total
-------------------------+-------+-------++-------
Melee: Long sword        |    87 |    72 ||   159
       Tailslap          |    14 |    11 ||    25
  Use: Potion            |       |     2 ||     2
 Stab: Paralysed         |       |     2 ||     2
  Eat: Chunk             |     1 |     2 ||     3
       Royal jelly       |       |     1 ||     1
Armor: Skin              |    38 |    31 ||    69
Dodge: Dodged            |    44 |    39 ||    83
Block: Shield            |    58 |    45 ||   103
       Rpst.: Long sword |    21 |    21 ||    42
